Login

Dallas Stars vs Winnipeg Jets

Created - 28 March 2024 at 23:12

Goals
1 2 3 OT1 SO T
Dallas Stars 0 0 3 0 2 4
Winnipeg Jets 1 0 2 0 0 3
Shots
1 2 3 OT1 SO T
Dallas Stars 12 8 15 1 2 36
Winnipeg Jets 12 3 16 3 2 34

GoalsPenalties
1st period
1. Winnipeg Jets , Adam Lowry 3 (Nikolaj Ehlers 5, Nino Niederreiter 7) at 15:26
Radek Faksa (DAL) for Goalie Interference (Minor) at 5:06
Brenden Dillon (WPG) for Hooking (Minor) at 6:01
2nd period
No Goal
Ty Dellandrea (DAL) for Holding Stick (Minor) at 6:44
Brenden Dillon (WPG) for Tripping (Minor) at 11:28
Dylan DeMelo (WPG) for Holding Stick (Minor) at 17:00
3rd period
2. Winnipeg Jets , Phil Kessel 1 (Neal Pionk 4, Kyle Connor 5) at 1:26 (PP)
3. Dallas Stars , Jamie Benn 5 (Sam Steel 2, Radek Faksa 1) at 4:06
4. Dallas Stars , Roope Hintz 6 (Jason Robertson 6) at 5:15
5. Dallas Stars , Radek Faksa 1 (Nils Lundkvist 2, Jamie Benn 4) at 13:09
6. Winnipeg Jets , Mark Scheifele 3 (Kyle Connor 6) at 18:35
Miro Heiskanen (DAL) for Roughing (Minor) at 0:15
Josh Morrissey (WPG) for Delaying the game (Minor) at 5:24
Jani Hakanpaa (DAL) for Roughing (Minor) at 15:13
Overtime #1
No Goal
Shootout
Dallas Stars, Jason Robertson - Goal!
Winnipeg Jets, Mark Scheifele - Shot Misses the Net
Dallas Stars, Jamie Benn - Goal!
Winnipeg Jets, Phil Kessel - Stopped by Jake Oettinger
Goalie Stats
Jake Oettinger (DAL), 31 saves from 34 shots - (0.912), W, 6-3-0, 65:00 minutes
Connor Hellebuyck (WPG), 33 saves from 36 shots - (0.917), OTL, 4-5-2, 65:00 minutes
3 StarsOfficial
1 - Jamie Benn (DAL)
2 - Radek Faksa (DAL)
3 - Roope Hintz (DAL)
Referees : Dave Lewis and Dan Kelly
Linesman : Jeff Walker and Ryan Daisy
Game Note
Gavin Bayreuther is injured at 14:15 of 2nd period (Left Foot)
Finance
Level 1 -- Attendance: 5749 (95.82%) -- Ticket Income $574,900
Level 2 -- Attendance: 4969 (99.38%) -- Ticket Income $298,140
Level 3 -- Attendance: 1855 (92.75%) -- Ticket Income $64,925
Level 4 -- Attendance: 3790 (94.75%) -- Ticket Income $94,750
Luxury Box -- Attendance: 855 (85.50%) -- Ticket Income $171,000
Game was played at the Canada Life Centre.
Total Attendance: 17218 (95.66%)
Total Ticket Income: $1,203,715
Other Income: $589,820
Total Income: $1,793,535



Team Name Goals Shots Shots Attemp Shots Blocked PIM HIT PP PK FO%
Dallas Stars 43658148130 / 4 (0%)140%
Winnipeg Jets 3346888191 / 4 (25%)060%

Dallas Stars
Player Name POS G A P +/- PIM HIT SHT SB MP PP MP PP SHT PK MP PK SHT FO% FOT GA TA
Craig SmithC000000116:390:0000:300100% 100
Esa LindellD0001000331:374:0704:3300% 003
Gavin BayreutherD000000105:550:0000:0000% 001
Jamie BennLW1121013020:302:0203:59180% 522
Jani HakanpaaD0000241222:172:4501:0400% 000
Jason RobertsonLW0111004226:264:0504:32020% 1544
Joe PavelskiC0001012122:144:0911:3000% 510
Mason MarchmentLW0000021013:090:0000:0700% 101
Matej BlumelRW000000009:484:0600:0000% 000
Matt DucheneC0000026013:520:0000:00055% 1100
Miro HeiskanenD0001203132:554:0703:2200% 011
Nils LundkvistD0111000113:540:0001:3800% 001
Radek FaksaC1120232012:300:0100:000100% 200
Roope HintzC1011004120:352:4201:30144% 3411
Ryan SuterD000-1000118:272:4501:3100% 000
Sam SteelC0110004013:270:3400:00025% 400
Ty DellandreaC000-120207:200:1500:0000% 000
Tyler SeguinC0000002116:132:4200:0000% 300
Winnipeg Jets
Player Name POS G A P +/- PIM HIT SHT SB MP PP MP PP SHT PK MP PK SHT FO% FOT GA TA
Adam LowryC1011011117:272:3100:00081% 1610
Alex ChiassonRW0000001013:550:0002:0400% 100
Alex IafalloLW0000002015:380:0003:5800% 000
Arber XhekajD000002002:590:0000:0000% 000
Brenden DillonD000-2440120:312:2001:3900% 002
Dylan DeMeloD000-2202121:452:2102:3500% 000
Dylan SambergD0001013119:383:4324:2300% 000
Gabriel VilardiC0000002114:180:0002:04050% 1210
Josh MorrisseyD0000221124:130:0003:3600% 022
Kyle ConnorLW022-2014022:443:3320:4700% 132
Mark ScheifeleC101-2027028:133:3340:55060% 4232
Morgan BarronC0000012010:120:0003:56040% 500
Nate SchmidtD000100009:580:0000:0500% 000
Neal PionkD0110001226:563:4301:2600% 010
Nikolaj EhlersLW0111003016:372:3120:0000% 010
Nino NiederreiterRW0111053015:572:3100:000100% 211
Phil KesselRW101-2002019:483:3320:00050% 210
Rasmus KupariC000000006:110:0000:0000% 000

Dallas Stars

5 vs 5 Forward
Line #Left WingCenterRight WingPHYDFOFWanted %Time %Time Play
1Jason RobertsonRoope HintzJoe Pavelski1224033%15:12
2Jamie BennSam SteelRadek Faksa1222526%12:10
3Mason MarchmentMatt DucheneTyler Seguin1222528%12:42
4Ty DellandreaCraig SmithMatej Blumel1221013%5:56
5 vs 5 Defense
Line #DefenseDefensePHYDFOFWanted %Time %Time Play
1Miro HeiskanenEsa Lindell1224041%18:53
2Jani HakanpaaRyan Suter1223029%13:09
3Gavin BayreutherNils Lundkvist1222026%12:11
4Miro HeiskanenEsa Lindell122104%1:47
Power Play Forward
Line #Left WingCenterRight WingPHYDFOFWanted %Time %Time Play
1Jason RobertsonJoe PavelskiMatej Blumel1226061%4:10
2Jamie BennRoope HintzTyler Seguin1224039%2:42
Power Play Defense
Line #DefenseDefensePHYDFOFWanted %Time %Time Play
1Miro HeiskanenEsa Lindell1226060%4:07
2Jani HakanpaaRyan Suter1224040%2:45
Penalty Kill 4 Players Forward
Line #CenterWingPHYDFOFWanted %Time %Time Play
1Jason RobertsonJamie Benn1226075%4:34
2Joe PavelskiRoope Hintz1224025%1:30
Penalty Kill 4 Players Defense
Line #DefenseDefensePHYDFOFWanted %Time %Time Play
1Miro HeiskanenEsa Lindell1226075%4:33
2Jani HakanpaaRyan Suter1224025%1:31
Penalty Kill 3 Players
Line #WingPHYDFOFWanted %Time %Time PlayDefenseDefensePHYDFOFWanted %Time %Time Play
1Jason Robertson122600%0:00 Miro HeiskanenEsa Lindell122600%0:00
2Jamie Benn122400%0:00 Jani HakanpaaRyan Suter122400%0:00
4 vs 4 Forward
Line #CenterWingPHYDFOFWanted %Time %Time Play
1Jason RobertsonJamie Benn1226078%0:50
2Joe PavelskiRoope Hintz1224022%0:14
4 vs 4 Defense
Line #DefensePHYDFOFWanted %Time %Time Play
1Miro HeiskanenEsa Lindell1226048%60% - 0:31
2Jani HakanpaaRyan Suter1224052%40% - 0:33
Last Minutes Offensive
Left WingCenterRight WingDefenseDefense
Jason RobertsonJoe PavelskiMatej BlumelMiro HeiskanenEsa Lindell
Last Minutes Defensive
Left WingCenterRight WingDefenseDefense
Jason RobertsonJoe PavelskiMatej BlumelMiro HeiskanenEsa Lindell
Time
Total ForwardTotal DefenseLast Minutes OffensiveLast Minutes Defensive
60:00 60:00 0:000:00
Extra Forwards
Normal PowerPlayPenalty Kill
Sam Steel, Ty Dellandrea, Craig SmithSam Steel, Ty DellandreaCraig Smith
Extra Defensemen
Normal PowerPlayPenalty Kill
Gavin Bayreuther, Nils Lundkvist, Jani HakanpaaGavin Bayreuther, Nils LundkvistJani Hakanpaa
Penalty Shots
Jason Robertson, Jamie Benn, Joe Pavelski, Roope Hintz, Matt Duchene
Goalie
Jake Oettinger, Scott Wedgewood
Custom OT Lines Forwards
Jason Robertson, Jamie Benn, Joe Pavelski, Roope Hintz, Matt Duchene, Tyler Seguin, Radek Faksa, Mason Marchment, Sam Steel, Ty Dellandrea
Custom OT Lines Defensemen
Miro Heiskanen, Esa Lindell, Jani Hakanpaa, Ryan Suter, Gavin Bayreuther
Scratches
None

Winnipeg Jets

5 vs 5 Forward
Line #Left WingCenterRight WingPHYDFOFWanted %Time %Time Play
1Kyle ConnorMark ScheifelePhil Kessel1223534%15:36
2Nikolaj EhlersAdam LowryNino Niederreiter1223028%13:01
3Alex IafalloGabriel VilardiAlex Chiasson1222524%11:12
4Rasmus KupariMorgan BarronMark Scheifele1221013%6:11
5 vs 5 Defense
Line #DefenseDefensePHYDFOFWanted %Time %Time Play
1Josh MorrisseyNeal Pionk1224041%18:40
2Brenden DillonDylan DeMelo1223033%15:01
3Dylan SambergNate Schmidt1222020%9:20
4Arber XhekajJosh Morrissey122106%2:59
Power Play Forward
Line #Left WingCenterRight WingPHYDFOFWanted %Time %Time Play
1Kyle ConnorMark ScheifelePhil Kessel1226059%3:33
2Nikolaj EhlersAdam LowryNino Niederreiter1224041%2:31
Power Play Defense
Line #DefenseDefensePHYDFOFWanted %Time %Time Play
1Dylan SambergNeal Pionk1226061%3:43
2Brenden DillonDylan DeMelo1224039%2:21
Penalty Kill 4 Players Forward
Line #CenterWingPHYDFOFWanted %Time %Time Play
1Morgan BarronAlex Iafallo1226070%4:48
2Gabriel VilardiAlex Chiasson1224030%2:04
Penalty Kill 4 Players Defense
Line #DefenseDefensePHYDFOFWanted %Time %Time Play
1Josh MorrisseyDylan Samberg1226067%4:38
2Brenden DillonDylan DeMelo1224033%2:14
Penalty Kill 3 Players
Line #WingPHYDFOFWanted %Time %Time PlayDefenseDefensePHYDFOFWanted %Time %Time Play
1Mark Scheifele122600%0:00 Josh MorrisseyBrenden Dillon122600%0:00
2Adam Lowry122400%0:00 Dylan SambergDylan DeMelo122400%0:00
4 vs 4 Forward
Line #CenterWingPHYDFOFWanted %Time %Time Play
1Mark ScheifeleKyle Connor1226077%0:49
2Adam LowryNikolaj Ehlers1224023%0:15
4 vs 4 Defense
Line #DefensePHYDFOFWanted %Time %Time Play
1Dylan SambergBrenden Dillon12260100%60% - 1:04
2Josh MorrisseyDylan DeMelo122400%40% - 0:00
Last Minutes Offensive
Left WingCenterRight WingDefenseDefense
Kyle ConnorMark ScheifeleNino NiederreiterJosh MorrisseyNeal Pionk
Last Minutes Defensive
Left WingCenterRight WingDefenseDefense
Nikolaj EhlersMark ScheifeleAlex ChiassonDylan DeMeloDylan Samberg
Time
Total ForwardTotal DefenseLast Minutes OffensiveLast Minutes Defensive
60:00 60:00 0:000:00
Extra Forwards
Normal PowerPlayPenalty Kill
Mark Scheifele, Kyle Connor, Adam LowryKyle Connor, Mark ScheifeleMark Scheifele
Extra Defensemen
Normal PowerPlayPenalty Kill
Dylan DeMelo, Brenden Dillon, Neal PionkDylan DeMelo, Dylan DeMeloDylan Samberg
Penalty Shots
Mark Scheifele, Phil Kessel, Kyle Connor, Nikolaj Ehlers, Nino Niederreiter
Goalie
Connor Hellebuyck, Laurent Brossoit
Custom OT Lines Forwards
Mark Scheifele, Kyle Connor, Adam Lowry, Nikolaj Ehlers, Nino Niederreiter, Phil Kessel, Gabriel Vilardi, Alex Iafallo, Morgan Barron, Alex Chiasson
Custom OT Lines Defensemen
Neal Pionk, Brenden Dillon, Dylan Samberg, Nate Schmidt, Dylan DeMelo
Scratches
Mason Appleton (Healthy), Samuel Fagemo (Healthy), Mathieu Olivier (Healthy)


Play-by-Play

1st period


0:01 of 1st period - Roope Hintz wins face-off versus Mark Scheifele in neutral zone.
0:35 of 1st period - Jamie Benn is hit by Nino Niederreiter and loses puck.
0:52 of 1st period - Slapshot by Gabriel Vilardi.
0:52 of 1st period - Shot Misses the Net.
0:55 of 1st period - Icing by Esa Lindell.
0:56 of 1st period - Matt Duchene wins face-off versus Mark Scheifele in Dallas Stars zone.
2:30 of 1st period - Snap shot by Gabriel Vilardi.
2:30 of 1st period - Deflect By Roope Hintz.
2:30 of 1st period - Stopped by Jake Oettinger without a rebound.
2:31 of 1st period - Roope Hintz wins face-off versus Gabriel Vilardi in Dallas Stars zone.
2:38 of 1st period - Slapshot by Jason Robertson.
2:38 of 1st period - Shot Misses the Net.
2:40 of 1st period - Slapshot by Jani Hakanpaa.
2:40 of 1st period - Stopped by Connor Hellebuyck without a rebound.
2:41 of 1st period - Roope Hintz wins face-off versus Phil Kessel in Winnipeg Jets zone.
2:42 of 1st period - Snap shot by Jason Robertson.
2:42 of 1st period - Shot Blocked by Josh Morrissey.
2:54 of 1st period - Jason Robertson is hit by Mark Scheifele and loses puck.
3:18 of 1st period - Off-side.
3:19 of 1st period - Adam Lowry wins face-off versus Sam Steel in neutral zone.
3:32 of 1st period - Snap shot by Nino Niederreiter.
3:32 of 1st period - Stopped by Jake Oettinger with a rebound.
4:17 of 1st period - Slapshot by Mark Scheifele.
4:17 of 1st period - Shot Misses the Net.
4:25 of 1st period - Rasmus Kupari is hit by Radek Faksa and loses puck.
4:32 of 1st period - Snap shot by Jamie Benn.
4:32 of 1st period - Shot Misses the Net.
4:40 of 1st period - Snap shot by Sam Steel.
4:40 of 1st period - Stopped by Connor Hellebuyck with a rebound.
4:50 of 1st period - Brenden Dillon is hit by Radek Faksa and loses puck.
5:06 of 1st period - Minor Penalty to Radek Faksa for Goalie Interference.
5:07 of 1st period - Adam Lowry wins face-off versus Joe Pavelski in Dallas Stars zone.
5:21 of 1st period - Snap shot by Nikolaj Ehlers.
5:21 of 1st period - Stopped by Jake Oettinger with a rebound.
5:33 of 1st period - Miro Heiskanen is hit by Dylan Samberg.
6:01 of 1st period - Minor Penalty to Brenden Dillon for Hooking.
6:02 of 1st period - Mark Scheifele wins face-off versus Jason Robertson in Winnipeg Jets zone.
6:32 of 1st period - Icing by Dylan DeMelo.
6:33 of 1st period - Mark Scheifele wins face-off versus Joe Pavelski in Winnipeg Jets zone.
6:46 of 1st period - Snap shot by Jason Robertson.
6:46 of 1st period - Shot Blocked by Adam Lowry.
7:06 of 1st period - Penalty to Radek Faksa is over, Radek Faksa is back on ice.
8:01 of 1st period - Penalty to Brenden Dillon is over, Brenden Dillon is back on ice.
8:31 of 1st period - Slapshot by Alex Chiasson.
8:31 of 1st period - Shot Misses the Net.
8:33 of 1st period - Slapshot by Arber Xhekaj.
8:33 of 1st period - Deflect By Alex Chiasson.
8:33 of 1st period - Stopped by Jake Oettinger with a rebound.
8:39 of 1st period - Snap shot by Gabriel Vilardi.
8:39 of 1st period - Stopped by Jake Oettinger without a rebound.
8:40 of 1st period - Roope Hintz wins face-off versus Mark Scheifele in Dallas Stars zone.
8:55 of 1st period - Snap shot by Roope Hintz.
8:55 of 1st period - Stopped by Connor Hellebuyck with a rebound.
9:05 of 1st period - Ty Dellandrea is hit by Nino Niederreiter and loses puck.
9:34 of 1st period - Slapshot by Matt Duchene.
9:34 of 1st period - Stopped by Connor Hellebuyck without a rebound.
9:35 of 1st period - Gabriel Vilardi wins face-off versus Roope Hintz in Winnipeg Jets zone.
9:35 of 1st period - Gabriel Vilardi is hit by Joe Pavelski.
10:32 of 1st period - Snap shot by Sam Steel.
10:32 of 1st period - Shot Misses the Net.
10:34 of 1st period - Slapshot by Gavin Bayreuther.
10:34 of 1st period - Deflect By Josh Morrissey.
10:34 of 1st period - Stopped by Connor Hellebuyck without a rebound.
10:35 of 1st period - Adam Lowry wins face-off versus Roope Hintz in Winnipeg Jets zone.
10:48 of 1st period - Wrist shot by Nino Niederreiter.
10:48 of 1st period - Shot Blocked by Joe Pavelski.
10:50 of 1st period - Slapshot by Dylan Samberg.
10:50 of 1st period - Stopped by Jake Oettinger without a rebound.
10:51 of 1st period - Mark Scheifele wins face-off versus Mason Marchment in Dallas Stars zone.
12:12 of 1st period - Snap shot by Jamie Benn.
12:12 of 1st period - Shot Misses the Net.
12:14 of 1st period - Slapshot by Esa Lindell.
12:14 of 1st period - Shot Misses the Net.
12:34 of 1st period - Wrist shot by Alex Iafallo.
12:34 of 1st period - Shot Misses the Net.
12:36 of 1st period - Wrist shot by Gabriel Vilardi.
12:36 of 1st period - Shot Blocked by Miro Heiskanen.
12:38 of 1st period - Snap shot by Alex Iafallo.
12:38 of 1st period - Deflect By Miro Heiskanen.
12:38 of 1st period - Stopped by Jake Oettinger without a rebound.
12:39 of 1st period - Mark Scheifele wins face-off versus Roope Hintz in Dallas Stars zone.
13:10 of 1st period - Snap shot by Alex Iafallo.
13:10 of 1st period - Shot Misses the Net.
13:47 of 1st period - Snap shot by Matt Duchene.
13:47 of 1st period - Stopped by Connor Hellebuyck without a rebound.
13:48 of 1st period - Mark Scheifele wins face-off versus Matt Duchene in Winnipeg Jets zone.
14:09 of 1st period - Backhand shot by Mark Scheifele.
14:09 of 1st period - Shot Misses the Net.
14:11 of 1st period - Wrist shot by Kyle Connor.
14:11 of 1st period - Shot Blocked by Esa Lindell.
14:13 of 1st period - Wrist shot by Dylan DeMelo.
14:13 of 1st period - Stopped by Jake Oettinger with a rebound.
14:19 of 1st period - Wrist shot by Kyle Connor.
14:19 of 1st period - Shot Misses the Net.
14:29 of 1st period - Wrist shot by Mark Scheifele.
14:29 of 1st period - Stopped by Jake Oettinger without a rebound.
14:30 of 1st period - Adam Lowry wins face-off versus Sam Steel in Dallas Stars zone.
14:53 of 1st period - Adam Lowry is hit by Jani Hakanpaa and loses puck.
15:20 of 1st period - Snap shot by Nikolaj Ehlers.
15:20 of 1st period - Shot Misses the Net.
15:22 of 1st period - Snap shot by Nino Niederreiter.
15:22 of 1st period - Stopped by Jake Oettinger with a rebound.
15:24 of 1st period - Slapshot by Nikolaj Ehlers.
15:24 of 1st period - Shot Misses the Net.
15:26 of 1st period - Snap shot by Adam Lowry.
15:26 of 1st period - Goal by Adam Lowry - Dallas Stars : 0 - Winnipeg Jets : 1.
15:27 of 1st period - Mark Scheifele wins face-off versus Roope Hintz in neutral zone.
15:30 of 1st period - Wrist shot by Mark Scheifele.
15:30 of 1st period - Shot Misses the Net.
15:32 of 1st period - Backhand shot by Nate Schmidt.
15:32 of 1st period - Deflect By Mark Scheifele.
15:32 of 1st period - Shot Blocked by Roope Hintz.
15:32 of 1st period - Puck is out of play.
15:33 of 1st period - Roope Hintz wins face-off versus Mark Scheifele in Dallas Stars zone.
15:38 of 1st period - Slapshot by Jason Robertson.
15:38 of 1st period - Stopped by Connor Hellebuyck without a rebound.
15:39 of 1st period - Mark Scheifele wins face-off versus Roope Hintz in Winnipeg Jets zone.
16:53 of 1st period - Icing by Mark Scheifele.
16:54 of 1st period - Roope Hintz wins face-off versus Mark Scheifele in Winnipeg Jets zone.
16:58 of 1st period - Wrist shot by Jason Robertson.
16:58 of 1st period - Shot Blocked by Brenden Dillon.
17:00 of 1st period - Snap shot by Jason Robertson.
17:00 of 1st period - Stopped by Connor Hellebuyck without a rebound.
17:01 of 1st period - Mark Scheifele wins face-off versus Roope Hintz in Winnipeg Jets zone.
17:18 of 1st period - Snap shot by Jason Robertson.
17:18 of 1st period - Stopped by Connor Hellebuyck without a rebound.
17:19 of 1st period - Gabriel Vilardi wins face-off versus Matt Duchene in Winnipeg Jets zone.
17:30 of 1st period - Slapshot by Josh Morrissey.
17:30 of 1st period - Stopped by Jake Oettinger without a rebound.
17:31 of 1st period - Mark Scheifele wins face-off versus Roope Hintz in Dallas Stars zone.
17:58 of 1st period - Tyler Seguin is hit by Josh Morrissey.
18:32 of 1st period - Wrist shot by Jamie Benn.
18:32 of 1st period - Shot Blocked by Dylan Samberg.
18:34 of 1st period - Snap shot by Radek Faksa.
18:34 of 1st period - Stopped by Connor Hellebuyck with a rebound.
18:43 of 1st period - Icing by Nate Schmidt.
18:44 of 1st period - Adam Lowry wins face-off versus Roope Hintz in Winnipeg Jets zone.
18:59 of 1st period - Slapshot by Jason Robertson.
18:59 of 1st period - Stopped by Connor Hellebuyck without a rebound.
19:00 of 1st period - Gabriel Vilardi wins face-off versus Tyler Seguin in Winnipeg Jets zone.
19:59 of 1st period - Snap shot by Ty Dellandrea.
19:59 of 1st period - Stopped by Connor Hellebuyck with a rebound.
Goals for this period are 0 for Dallas Stars vs 1 for Winnipeg Jets.
Shots for this period are 12 for Dallas Stars vs 12 for Winnipeg Jets.

2nd period


0:01 of 2nd period - Mark Scheifele wins face-off versus Roope Hintz in neutral zone.
0:18 of 2nd period - Jason Robertson is hit by Mark Scheifele and loses puck.
0:50 of 2nd period - Icing by Dylan DeMelo.
0:51 of 2nd period - Matt Duchene wins face-off versus Gabriel Vilardi in Winnipeg Jets zone.
0:56 of 2nd period - Wrist shot by Matt Duchene.
0:56 of 2nd period - Stopped by Connor Hellebuyck without a rebound.
0:57 of 2nd period - Phil Kessel wins face-off versus Matt Duchene in Winnipeg Jets zone.
2:00 of 2nd period - Snap shot by Alex Iafallo.
2:00 of 2nd period - Shot Misses the Net.
2:12 of 2nd period - Slapshot by Esa Lindell.
2:12 of 2nd period - Deflect By Craig Smith.
2:12 of 2nd period - Stopped by Connor Hellebuyck without a rebound.
2:13 of 2nd period - Craig Smith wins face-off versus Morgan Barron in Winnipeg Jets zone.
2:38 of 2nd period - Morgan Barron is hit by Jani Hakanpaa.
3:57 of 2nd period - Wrist shot by Ty Dellandrea.
3:57 of 2nd period - Stopped by Connor Hellebuyck without a rebound.
3:58 of 2nd period - Adam Lowry wins face-off versus Roope Hintz in Winnipeg Jets zone.
4:03 of 2nd period - Esa Lindell is hit by Josh Morrissey and loses puck.
5:02 of 2nd period - Wrist shot by Jason Robertson.
5:02 of 2nd period - Deflect By Joe Pavelski.
5:02 of 2nd period - Stopped by Connor Hellebuyck without a rebound.
5:03 of 2nd period - Adam Lowry wins face-off versus Roope Hintz in Winnipeg Jets zone.
5:42 of 2nd period - Slapshot by Roope Hintz.
5:42 of 2nd period - Stopped by Connor Hellebuyck without a rebound.
5:43 of 2nd period - Radek Faksa wins face-off versus Gabriel Vilardi in Winnipeg Jets zone.
6:34 of 2nd period - Wrist shot by Dylan DeMelo.
6:34 of 2nd period - Deflect By Miro Heiskanen.
6:34 of 2nd period - Stopped by Jake Oettinger with a rebound.
6:36 of 2nd period - Wrist shot by Morgan Barron.
6:36 of 2nd period - Shot Blocked by Craig Smith.
6:38 of 2nd period - Snap shot by Morgan Barron.
6:38 of 2nd period - Stopped by Jake Oettinger with a rebound.
6:44 of 2nd period - Minor Penalty to Ty Dellandrea for Holding Stick.
6:45 of 2nd period - Mark Scheifele wins face-off versus Jason Robertson in Dallas Stars zone.
7:02 of 2nd period - Slapshot by Mark Scheifele.
7:02 of 2nd period - Stopped by Jake Oettinger without a rebound.
7:03 of 2nd period - Mark Scheifele wins face-off versus Jason Robertson in Dallas Stars zone.
7:56 of 2nd period - Slapshot by Roope Hintz.
7:56 of 2nd period - Stopped by Connor Hellebuyck without a rebound.
7:57 of 2nd period - Jason Robertson wins face-off versus Adam Lowry in Winnipeg Jets zone.
8:30 of 2nd period - Ryan Suter is hit by Brenden Dillon and loses puck.
8:44 of 2nd period - Penalty to Ty Dellandrea is over, Ty Dellandrea is back on ice.
9:54 of 2nd period - Miro Heiskanen is hit by Nino Niederreiter and loses puck.
10:09 of 2nd period - Esa Lindell is hit by Arber Xhekaj.
10:14 of 2nd period - Icing by Esa Lindell.
10:15 of 2nd period - Sam Steel wins face-off versus Adam Lowry in Dallas Stars zone.
11:08 of 2nd period - Wrist shot by Jamie Benn.
11:08 of 2nd period - Stopped by Connor Hellebuyck with a rebound.
11:28 of 2nd period - Minor Penalty to Brenden Dillon for Tripping.
11:29 of 2nd period - Morgan Barron wins face-off versus Joe Pavelski in Winnipeg Jets zone.
11:37 of 2nd period - Wrist shot by Jason Robertson.
11:37 of 2nd period - Shot Misses the Net.
12:06 of 2nd period - Slapshot by Tyler Seguin.
12:06 of 2nd period - Deflect By Roope Hintz.
12:06 of 2nd period - Shot Blocked by Gabriel Vilardi.
12:06 of 2nd period - Puck is out of play.
12:07 of 2nd period - Gabriel Vilardi wins face-off versus Joe Pavelski in Winnipeg Jets zone.
13:28 of 2nd period - Penalty to Brenden Dillon is over, Brenden Dillon is back on ice.
13:58 of 2nd period - Off-side.
13:59 of 2nd period - Matt Duchene wins face-off versus Mark Scheifele in neutral zone.
14:14 of 2nd period - Gavin Bayreuther is hit by Kyle Connor and loses puck.
14:15 of 2nd period - Gavin Bayreuther from Dallas Stars is injured at 14:15 of 2nd period (Left Foot).
14:16 of 2nd period - Roope Hintz wins face-off versus Mark Scheifele in Dallas Stars zone.
14:49 of 2nd period - Wrist shot by Matt Duchene.
14:49 of 2nd period - Shot Misses the Net.
14:57 of 2nd period - Tyler Seguin is hit by Nino Niederreiter and loses puck.
15:28 of 2nd period - Snap shot by Kyle Connor.
15:28 of 2nd period - Shot Misses the Net.
15:50 of 2nd period - Miro Heiskanen is hit by Nino Niederreiter and loses puck.
15:58 of 2nd period - Off-side.
15:59 of 2nd period - Roope Hintz wins face-off versus Gabriel Vilardi in neutral zone.
16:37 of 2nd period - Wrist shot by Sam Steel.
16:37 of 2nd period - Stopped by Connor Hellebuyck without a rebound.
16:38 of 2nd period - Adam Lowry wins face-off versus Roope Hintz in Winnipeg Jets zone.
16:45 of 2nd period - Icing by Miro Heiskanen.
16:46 of 2nd period - Adam Lowry wins face-off versus Roope Hintz in Dallas Stars zone.
17:00 of 2nd period - Minor Penalty to Dylan DeMelo for Holding Stick.
17:01 of 2nd period - Morgan Barron wins face-off versus Joe Pavelski in Winnipeg Jets zone.
19:00 of 2nd period - Penalty to Dylan DeMelo is over, Dylan DeMelo is back on ice.
19:07 of 2nd period - Neal Pionk is hit by Mason Marchment and loses puck.
19:44 of 2nd period - Ty Dellandrea is hit by Arber Xhekaj and loses puck.
Goals for this period are 0 for Dallas Stars vs 0 for Winnipeg Jets.
Shots for this period are 8 for Dallas Stars vs 3 for Winnipeg Jets.

3rd period


0:01 of 3rd period - Mark Scheifele wins face-off versus Roope Hintz in neutral zone.
0:15 of 3rd period - Minor Penalty to Miro Heiskanen for Roughing.
0:16 of 3rd period - Mark Scheifele wins face-off versus Jason Robertson in Dallas Stars zone.
0:18 of 3rd period - Wrist shot by Kyle Connor.
0:18 of 3rd period - Shot Misses the Net.
0:20 of 3rd period - Slapshot by Neal Pionk.
0:20 of 3rd period - Shot Blocked by Jason Robertson.
0:22 of 3rd period - Slapshot by Dylan Samberg.
0:22 of 3rd period - Stopped by Jake Oettinger without a rebound.
0:23 of 3rd period - Jason Robertson wins face-off versus Mark Scheifele in Dallas Stars zone.
0:34 of 3rd period - Wrist shot by Kyle Connor.
0:34 of 3rd period - Shot Misses the Net.
0:36 of 3rd period - Slapshot by Neal Pionk.
0:36 of 3rd period - Shot Blocked by Nils Lundkvist.
0:38 of 3rd period - Wrist shot by Neal Pionk.
0:38 of 3rd period - Deflect By Kyle Connor.
0:38 of 3rd period - Stopped by Jake Oettinger without a rebound.
0:39 of 3rd period - Mark Scheifele wins face-off versus Jason Robertson in Dallas Stars zone.
0:46 of 3rd period - Slapshot by Mark Scheifele.
0:46 of 3rd period - Shot Misses the Net.
0:48 of 3rd period - Slapshot by Neal Pionk.
0:48 of 3rd period - Shot Misses the Net.
0:50 of 3rd period - Snap shot by Mark Scheifele.
0:50 of 3rd period - Stopped by Jake Oettinger without a rebound.
0:51 of 3rd period - Mark Scheifele wins face-off versus Jason Robertson in Dallas Stars zone.
0:56 of 3rd period - Slapshot by Kyle Connor.
0:56 of 3rd period - Stopped by Jake Oettinger without a rebound.
0:57 of 3rd period - Mark Scheifele wins face-off versus Jason Robertson in Dallas Stars zone.
1:12 of 3rd period - Snap shot by Jamie Benn.
1:12 of 3rd period - Stopped by Connor Hellebuyck without a rebound.
1:13 of 3rd period - Mark Scheifele wins face-off versus Jason Robertson in Winnipeg Jets zone.
1:22 of 3rd period - Slapshot by Neal Pionk.
1:22 of 3rd period - Shot Blocked by Esa Lindell.
1:24 of 3rd period - Wrist shot by Phil Kessel.
1:24 of 3rd period - Shot Blocked by Jason Robertson.
1:26 of 3rd period - Snap shot by Phil Kessel.
1:26 of 3rd period - Goal by Phil Kessel - Dallas Stars : 0 - Winnipeg Jets : 2.
1:27 of 3rd period - Mark Scheifele wins face-off versus Roope Hintz in neutral zone.
1:34 of 3rd period - Slapshot by Josh Morrissey.
1:34 of 3rd period - Shot Blocked by Jani Hakanpaa.
1:54 of 3rd period - Nino Niederreiter is hit by Matt Duchene and loses puck.
2:05 of 3rd period - Snap shot by Matt Duchene.
2:05 of 3rd period - Stopped by Connor Hellebuyck with a rebound.
2:40 of 3rd period - Nils Lundkvist is hit by Morgan Barron and loses puck.
2:45 of 3rd period - Slapshot by Josh Morrissey.
2:45 of 3rd period - Deflect By Mark Scheifele.
2:45 of 3rd period - Shot Blocked by Jani Hakanpaa.
2:45 of 3rd period - Puck is out of play.
2:46 of 3rd period - Matt Duchene wins face-off versus Adam Lowry in Dallas Stars zone.
3:01 of 3rd period - Slapshot by Nino Niederreiter.
3:01 of 3rd period - Shot Misses the Net.
3:24 of 3rd period - Snap shot by Mark Scheifele.
3:24 of 3rd period - Stopped by Jake Oettinger without a rebound.
3:25 of 3rd period - Adam Lowry wins face-off versus Roope Hintz in Dallas Stars zone.
3:26 of 3rd period - Wrist shot by Nikolaj Ehlers.
3:26 of 3rd period - Stopped by Jake Oettinger without a rebound.
3:27 of 3rd period - Adam Lowry wins face-off versus Jason Robertson in Dallas Stars zone.
3:58 of 3rd period - Slapshot by Miro Heiskanen.
3:58 of 3rd period - Stopped by Connor Hellebuyck without a rebound.
3:59 of 3rd period - Radek Faksa wins face-off versus Mark Scheifele in Winnipeg Jets zone.
4:06 of 3rd period - Slapshot by Jamie Benn.
4:06 of 3rd period - Goal by Jamie Benn - Dallas Stars : 1 - Winnipeg Jets : 2.
4:07 of 3rd period - Roope Hintz wins face-off versus Mark Scheifele in neutral zone.
4:22 of 3rd period - Backhand shot by Kyle Connor.
4:22 of 3rd period - Stopped by Jake Oettinger with a rebound.
4:24 of 3rd period - Slapshot by Josh Morrissey.
4:24 of 3rd period - Shot Blocked by Ryan Suter.
4:34 of 3rd period - Josh Morrissey is hit by Jani Hakanpaa and loses puck.
4:57 of 3rd period - Slapshot by Miro Heiskanen.
4:57 of 3rd period - Shot Blocked by Dylan DeMelo.
5:03 of 3rd period - Snap shot by Mason Marchment.
5:03 of 3rd period - Stopped by Connor Hellebuyck with a rebound.
5:05 of 3rd period - Snap shot by Tyler Seguin.
5:05 of 3rd period - Stopped by Connor Hellebuyck without a rebound.
5:06 of 3rd period - Roope Hintz wins face-off versus Mark Scheifele in Winnipeg Jets zone.
5:15 of 3rd period - Wrist shot by Roope Hintz.
5:15 of 3rd period - Goal by Roope Hintz - Dallas Stars : 2 - Winnipeg Jets : 2.
5:16 of 3rd period - Roope Hintz wins face-off versus Mark Scheifele in neutral zone.
5:24 of 3rd period - Minor Penalty to Josh Morrissey for Delaying the game.
5:25 of 3rd period - Jason Robertson wins face-off versus Morgan Barron in Winnipeg Jets zone.
6:32 of 3rd period - Snap shot by Joe Pavelski.
6:32 of 3rd period - Stopped by Connor Hellebuyck without a rebound.
6:33 of 3rd period - Roope Hintz wins face-off versus Alex Chiasson in Winnipeg Jets zone.
7:24 of 3rd period - Penalty to Josh Morrissey is over, Josh Morrissey is back on ice.
8:58 of 3rd period - Icing by Jason Robertson.
8:59 of 3rd period - Gabriel Vilardi wins face-off versus Matt Duchene in Dallas Stars zone.
9:06 of 3rd period - Alex Chiasson is hit by Mason Marchment and loses puck.
9:35 of 3rd period - Snap shot by Jamie Benn.
9:35 of 3rd period - Shot Hit the Post.
9:37 of 3rd period - Slapshot by Nils Lundkvist.
9:37 of 3rd period - Deflect By Jamie Benn.
9:37 of 3rd period - Shot Misses the Net.
9:37 of 3rd period - Puck is out of play.
9:38 of 3rd period - Mark Scheifele wins face-off versus Roope Hintz in Winnipeg Jets zone.
10:05 of 3rd period - Jamie Benn is hit by Brenden Dillon and loses puck.
10:26 of 3rd period - Slapshot by Miro Heiskanen.
10:26 of 3rd period - Shot Misses the Net.
10:28 of 3rd period - Slapshot by Miro Heiskanen.
10:28 of 3rd period - Stopped by Connor Hellebuyck without a rebound.
10:29 of 3rd period - Matt Duchene wins face-off versus Morgan Barron in Winnipeg Jets zone.
11:08 of 3rd period - Snap shot by Matt Duchene.
11:08 of 3rd period - Stopped by Connor Hellebuyck without a rebound.
11:09 of 3rd period - Adam Lowry wins face-off versus Roope Hintz in Winnipeg Jets zone.
11:36 of 3rd period - Alex Iafallo is hit by Radek Faksa and loses puck.
11:45 of 3rd period - Snap shot by Sam Steel.
11:45 of 3rd period - Stopped by Connor Hellebuyck with a rebound.
12:24 of 3rd period - Backhand shot by Tyler Seguin.
12:24 of 3rd period - Stopped by Connor Hellebuyck without a rebound.
12:25 of 3rd period - Roope Hintz wins face-off versus Gabriel Vilardi in Winnipeg Jets zone.
12:42 of 3rd period - Alex Iafallo is hit by Jani Hakanpaa and loses puck.
13:04 of 3rd period - Nils Lundkvist is hit by Brenden Dillon and loses puck.
13:07 of 3rd period - Slapshot by Radek Faksa.
13:07 of 3rd period - Shot Misses the Net.
13:09 of 3rd period - Snap shot by Radek Faksa.
13:09 of 3rd period - Goal by Radek Faksa - Dallas Stars : 3 - Winnipeg Jets : 2.
13:10 of 3rd period - Mark Scheifele wins face-off versus Roope Hintz in neutral zone.
13:23 of 3rd period - Snap shot by Roope Hintz.
13:23 of 3rd period - Deflect By Jason Robertson.
13:23 of 3rd period - Shot Blocked by Neal Pionk.
13:23 of 3rd period - Puck is out of play.
13:24 of 3rd period - Roope Hintz wins face-off versus Kyle Connor in Winnipeg Jets zone.
14:19 of 3rd period - Wrist shot by Gabriel Vilardi.
14:19 of 3rd period - Shot Blocked by Esa Lindell.
15:13 of 3rd period - Minor Penalty to Jani Hakanpaa for Roughing.
15:14 of 3rd period - Mark Scheifele wins face-off versus Jason Robertson in Dallas Stars zone.
15:25 of 3rd period - Snap shot by Kyle Connor.
15:25 of 3rd period - Shot Misses the Net.
15:27 of 3rd period - Wrist shot by Kyle Connor.
15:27 of 3rd period - Shot Misses the Net.
15:29 of 3rd period - Snap shot by Dylan Samberg.
15:29 of 3rd period - Stopped by Jake Oettinger with a rebound.
15:31 of 3rd period - Snap shot by Phil Kessel.
15:31 of 3rd period - Stopped by Jake Oettinger without a rebound.
15:32 of 3rd period - Nino Niederreiter wins face-off versus Jason Robertson in Dallas Stars zone.
15:39 of 3rd period - Slapshot by Nikolaj Ehlers.
15:39 of 3rd period - Stopped by Jake Oettinger without a rebound.
15:40 of 3rd period - Adam Lowry wins face-off versus Jason Robertson in Dallas Stars zone.
16:15 of 3rd period - Snap shot by Mark Scheifele.
16:15 of 3rd period - Stopped by Jake Oettinger with a rebound.
16:17 of 3rd period - Wrist shot by Mark Scheifele.
16:17 of 3rd period - Stopped by Jake Oettinger without a rebound.
16:18 of 3rd period - Roope Hintz wins face-off versus Mark Scheifele in Dallas Stars zone.
17:13 of 3rd period - Penalty to Jani Hakanpaa is over, Jani Hakanpaa is back on ice.
17:33 of 3rd period - Snap shot by Gabriel Vilardi.
17:33 of 3rd period - Shot Misses the Net.
18:23 of 3rd period - Snap shot by Sam Steel.
18:23 of 3rd period - Stopped by Connor Hellebuyck without a rebound.
18:24 of 3rd period - Mark Scheifele wins face-off versus Sam Steel in Winnipeg Jets zone.
18:33 of 3rd period - Snap shot by Kyle Connor.
18:33 of 3rd period - Stopped by Jake Oettinger with a rebound.
18:35 of 3rd period - Wrist shot by Kyle Connor.
18:35 of 3rd period - Deflect By Mark Scheifele.
18:35 of 3rd period - Goal by Mark Scheifele - Dallas Stars : 3 - Winnipeg Jets : 3.
18:36 of 3rd period - Matt Duchene wins face-off versus Gabriel Vilardi in neutral zone.
18:41 of 3rd period - Wrist shot by Matt Duchene.
18:41 of 3rd period - Stopped by Connor Hellebuyck without a rebound.
18:42 of 3rd period - Gabriel Vilardi wins face-off versus Tyler Seguin in Winnipeg Jets zone.
18:42 of 3rd period - Gabriel Vilardi is hit by Matt Duchene.
19:21 of 3rd period - Snap shot by Morgan Barron.
19:21 of 3rd period - Stopped by Jake Oettinger without a rebound.
19:22 of 3rd period - Jamie Benn wins face-off versus Mark Scheifele in Dallas Stars zone.
19:27 of 3rd period - Brenden Dillon is hit by Jamie Benn.
19:32 of 3rd period - Icing by Kyle Connor.
19:33 of 3rd period - Mark Scheifele wins face-off versus Matt Duchene in Winnipeg Jets zone.
19:56 of 3rd period - Ryan Suter is hit by Brenden Dillon and loses puck.
Goals for this period are 3 for Dallas Stars vs 2 for Winnipeg Jets.
Shots for this period are 15 for Dallas Stars vs 16 for Winnipeg Jets.

Overtime #1


0:01 of 1st overtime period - Jamie Benn wins face-off versus Mark Scheifele in neutral zone.
0:04 of 1st overtime period - Slapshot by Miro Heiskanen.
0:04 of 1st overtime period - Deflect By Jamie Benn.
0:04 of 1st overtime period - Shot Misses the Net.
0:04 of 1st overtime period - Puck is out of play.
0:05 of 1st overtime period - Mark Scheifele wins face-off versus Jamie Benn in Winnipeg Jets zone.
0:36 of 1st overtime period - Slapshot by Miro Heiskanen.
0:36 of 1st overtime period - Shot Blocked by Neal Pionk.
1:06 of 1st overtime period - Slapshot by Miro Heiskanen.
1:06 of 1st overtime period - Stopped by Connor Hellebuyck without a rebound.
1:07 of 1st overtime period - Nino Niederreiter wins face-off versus Tyler Seguin in Winnipeg Jets zone.
1:14 of 1st overtime period - Snap shot by Neal Pionk.
1:14 of 1st overtime period - Stopped by Jake Oettinger without a rebound.
1:15 of 1st overtime period - Jamie Benn wins face-off versus Mark Scheifele in Dallas Stars zone.
1:28 of 1st overtime period - Wrist shot by Jamie Benn.
1:28 of 1st overtime period - Shot Misses the Net.
2:20 of 1st overtime period - Wrist shot by Nino Niederreiter.
2:20 of 1st overtime period - Stopped by Jake Oettinger with a rebound.
2:42 of 1st overtime period - Jani Hakanpaa is hit by Adam Lowry and loses puck.
2:59 of 1st overtime period - Snap shot by Dylan Samberg.
2:59 of 1st overtime period - Shot Blocked by Tyler Seguin.
4:19 of 1st overtime period - Wrist shot by Radek Faksa.
4:19 of 1st overtime period - Shot Misses the Net.
4:33 of 1st overtime period - Slapshot by Alex Iafallo.
4:33 of 1st overtime period - Stopped by Jake Oettinger without a rebound.
4:34 of 1st overtime period - Jamie Benn wins face-off versus Mark Scheifele in Dallas Stars zone.
Goals for this period are 0 for Dallas Stars vs 0 for Winnipeg Jets.
Shots for this period are 1 for Dallas Stars vs 3 for Winnipeg Jets.

ShootOut


5:00 of 1st overtime period - Round #1.
5:00 of 1st overtime period - Dallas Stars, Jason Robertson.
5:00 of 1st overtime period - Wrist shot by Jason Robertson.
5:00 of 1st overtime period - Goal by Jason Robertson.
5:00 of 1st overtime period - Winnipeg Jets, Mark Scheifele.
5:00 of 1st overtime period - Wrist shot by Mark Scheifele.
5:00 of 1st overtime period - Shot Misses the Net.
5:00 of 1st overtime period - Round #2.
5:00 of 1st overtime period - Dallas Stars, Jamie Benn.
5:00 of 1st overtime period - Wrist shot by Jamie Benn.
5:00 of 1st overtime period - Goal by Jamie Benn.
5:00 of 1st overtime period - Winnipeg Jets, Phil Kessel.
5:00 of 1st overtime period - Wrist shot by Phil Kessel.
5:00 of 1st overtime period - Stopped by Jake Oettinger.
5:00 of 1st overtime period - Round #3.